Unix NetHack Version 5.0.0-0 post-release - last build May 31 2026 23:59:36 (970b52f25bf058293b47ddfd14a1e40e571c508c,branch:main).

Game began 2026-06-06 13:01:05, ended 2026-06-06 14:21:39.

Jobair, lawful female dwarven Archeologist

                                                             .
                                                            -.
                                                            |.
                                                            |.
                                                            |.
                                                            |.
                                                            |.
                                                            |.
                                                            |.
                                                            |.
                                                            |.
                                                          | |.
                                                          |.|.
                                                          |.#.....|
                                                            |........
                                                            |.|.--.<.
                                                            |.-- --..
                                       ----- ----------------do.
                                       0..%................d.@--
                                                          -----
Jobair the Field Worker    St:14 Dx:10 Co:10 In:16 Wi:16 Ch:8  Lawful
Dlvl:6  $:91 HP:0(31) Pw:17(17) AC:2  Xp:4 T:2800  Burdened

Latest messages:
 The crude dagger hits Airukagor of Aiunabane.
 It bites Airukagor of Aiunabane.
 Airukagor of Aiunabane misses it.
 Ogunog of Aiunabane picks up a crude dagger.
 It misses Ogunog of Aiunabane.
 It bites Ogunog of Aiunabane.
 It bites Airukagor of Aiunabane.
 Airukagor of Aiunabane hits it.
 You hear some noises in the distance.
 Godzuki misses Airukagor of Aiunabane.
 Godzuki bites Airukagor of Aiunabane.
 Godzuki bites Ogunog of Aiunabane.
 Ogunog of Aiunabane is killed!
 Godzuki grows up into a dog.
 Godzilla eats a hill orc corpse named Ogunog of Aiunabane.
 You swap places with Godzuki.
 Uluuna of Aiunabane wields a curved sword!
 You swap places with Godzilla.
 You have a little trouble lifting $ - 24 gold pieces (91 in total).
 Haiaruk of Aiunabane swings his curved sword.
 Haiaruk of Aiunabane hits!
 You stop.  Godzilla is in the way!
 Haiaruk of Aiunabane swings his curved sword.
 Haiaruk of Aiunabane hits!
 Haiaruk of Aiunabane picks up an iron skull cap.
 Godzilla bites Haiaruk of Aiunabane.
 Haiaruk of Aiunabane swings his curved sword at Godzilla.
 Haiaruk of Aiunabane misses Godzilla.
 Haiaruk of Aiunabane swings his curved sword.
 Haiaruk of Aiunabane hits!
 Godzilla misses Haiaruk of Aiunabane.
 Godzilla misses Haiaruk of Aiunabane.
 Haiaruk of Aiunabane strikes at your displaced image and misses you!
 Godzilla bites Haiaruk of Aiunabane.
 Haiaruk of Aiunabane swings his curved sword at Godzilla.
 Haiaruk of Aiunabane misses Godzilla.
 Haiaruk of Aiunabane picks up a crude dagger.
 Godzilla misses Haiaruk of Aiunabane.
 Godzilla bites Haiaruk of Aiunabane.
 Haiaruk of Aiunabane is killed!
 Godzuki eats a hill orc corpse named Haiaruk of Aiunabane.
 You swap places with Godzilla.
 Uluuna of Aiunabane swings his curved sword.
 Uluuna of Aiunabane hits!
 You die...
 Do you want your possessions identified? [ynq] (y) y
 Do you want to see your attributes? [ynq] (y) y
 Do you want an account of creatures vanquished? [ynaq] (y) y
 Do you want to see your conduct and achievements? [ynq] (y) y
 Do you want to see the dungeon overview? [ynq] (y) y

Inventory:
 Coins    ('$')
  $ - 91 gold pieces
 Weapons  (')')
  c - 21 +0 darts
  I - a +0 dagger
  a - a +2 bullwhip (weapon in right hand)
 Armor    ('[')
  j - an uncursed +0 orcish helm (being worn)
  k - an uncursed +0 pair of elven boots (being worn)
  o - an uncursed +0 cloak of displacement (being worn)
  x - a blessed +0 elven mithril-coat (being worn)
 Comestibles  ('%')
  e - an uncursed goober
  t - 2 uncursed cram rations
  d - 5 uncursed food rations
  u - an uncursed tripe ration
 Scrolls  ('?')
  n - an uncursed scroll of confuse monster
  p - an uncursed scroll of identify
  A - an uncursed scroll of magic mapping
 Spellbooks  ('+')
  z - an uncursed spellbook of clairvoyance
  m - an uncursed spellbook of confuse monster
  B - an uncursed spellbook of confuse monster
  y - an uncursed spellbook of detect unseen
 Potions  ('!')
  C - an uncursed potion of extra healing
  v - an uncursed potion of gain energy
  D - an uncursed potion of healing
 Rings    ('=')
  H - a cursed ring of hunger
  s - a cursed ring of polymorph
 Wands    ('/')
  G - a wand of make invisible (0:3)
 Tools    ('(')
  b - an uncursed sack containing 1 item
  E - an empty uncursed sack
  w - an uncursed blindfold
  K - an uncursed skeleton key
  J - an uncursed tallow candle
  F - an uncursed tin whistle
  f - a tinning kit (0:49)
 Gems/Stones  ('*')
  l - 2 uncursed topaz stones
  i - an uncursed worthless piece of green glass
  q - 2 uncursed worthless pieces of red glass
  h - an uncursed worthless piece of white glass
  g - an uncursed touchstone

Contents of the sack:
  a +0 pick-axe

Jobair the Archeologist's attributes:

Background:
 You were a Field Worker, a level 4 female dwarven Archeologist.
 You were lawful, nominally on a mission for Quetzalcoatl
 who was opposed by Camaxtli (neutral) and Huhetotl (chaotic).
 You were right-handed.
 You were in the Gnomish Mines, on level 6.
 You entered the dungeon 2800 turns ago.
 You had 97 experience points, 63 more were needed to attain level 5.

Basics:
 You had 0 out of 31 hit points.
 You had all 17 energy points (spell power).
 Your armor class was 2.
 Your wallet contained 91 zorkmids.
 Autopickup was off.

Final Characteristics:
 Your strength was 14 (limit:18/100).
 Your dexterity was 10 (limit:20).
 Your constitution was 10 (limit:20).
 Your intelligence was 16 (limit:16).
 Your wisdom was 16 (limit:16).
 Your charisma was 8 (limit:16).

Final Status:
 You weren't hungry.
 You were burdened; movement was slightly slowed.
 You were wielding a whip.
 You had basic skill with whip.

Final Attributes:
 You were piously aligned.
 You had automatic searching.
 You had infravision.
 You were displaced.
 You were stealthy.
 You were guarded.
 You are dead.

Miscellaneous:
 You didn't encounter any bones levels.
 Total elapsed playing time was 21 minutes.

Major events:
 Turn
    1: Jobair the lawful female dwarven Archeologist entered the dungeon
 1171: attained the rank of Field Worker (level 3)
 2385: entered the Gnomish Mines
 2739: reached Mine Town
 2800: killed by a hill orc called Uluuna of Aiunabane

You didn't know any spells.

Skills:
 Fighting Skills
   bare handed combat [Unskilled]
   two weapon combat  [Unskilled]
   riding             [Unskilled]
 Weapon Skills
   dagger             [Unskilled]
   knife              [Unskilled]
   pick-axe           [Basic]
   short sword        [Unskilled]
   saber              [Unskilled]
   club               [Unskilled]
   quarterstaff       [Unskilled]
   sling              [Unskilled]
   dart               [Unskilled]
   boomerang          [Unskilled]
   whip               [Basic]
   unicorn horn       [Unskilled]
 Spellcasting Skills
   attack spells      [Unskilled]
   healing spells     [Unskilled]
   divination spells  [Unskilled]
   matter spells      [Unskilled]

Voluntary challenges:
 Character rerolling was not enabled.
 You were an atheist.
 You never genocided any monsters.
 You never polymorphed an object.
 You never changed form.
 You used no wishes.
Achievements:
 You entered a shop.
 You attained the rank of Field Worker.
 You entered the Gnomish Mines.
 You entered Minetown.

 The Dungeons of Doom: levels 1 to 5
    Level 1:
       A fountain.
    Level 2:
       Stairs down to The Gnomish Mines.
    Level 3:
       A food shop, some fountains.
    Level 4:
    Level 5:
       A throne.
 The Gnomish Mines: levels 3 to 6
    Level 3:
    Level 4:
    Level 5:
    Level 6: <- You were here.
       Final resting place for
          you, killed by a hill orc called Uluuna of Aiunabane.


Vanquished creatures:
  a rock piercer
  2 homunculi
  3 hill orcs
  a dwarf zombie
  a werejackal
 an iguana
 an acid blob
  a hobbit
  a large kobold
  2 hobgoblins
  4 giant rats
  a brown mold
  a green mold
 10 gnomes
  a gecko
  9 jackals
  a fox
  a kobold
  4 goblins
  3 grid bugs
  6 lichens
  2 kobold zombies
57 creatures vanquished.

No species were genocided or became extinct.

Game over:
                       ----------
                      /          \
                     /    REST    \
                    /      IN      \
                   /     PEACE      \
                  /                  \
                  |      Jobair      |
                  |      91 Au       |
                  | killed by a hill |
                  |    orc called    |
                  |    Uluuna of     |
                  |    Aiunabane     |
                  |       2026       |
                 *|     *  *  *      | *
        _________)/\\_//(\/(/\)/\//\/|_)_______

Goodbye Jobair the Archeologist...

You died in The Gnomish Mines on dungeon level 6 with 720 points,
and 91 pieces of gold, after 2800 moves.
You were level 4 with a maximum of 31 hit points when you died.

